 Dungeon Sprint DCSS version 0.19-a0-1907-gcff654f (webtiles) character file.

786 George the Fighter (level 7, -11/71 HPs)
             Began as a Minotaur Fighter on Oct 21, 2016.
             Was a Believer of Okawaru.
             Killed from afar by an efreet (19 damage)
             ... with a bolt of fire
             ... in the Dungeon (Sprint IX: "|||||||||||||||||||||||||||||").
             The game lasted 00:01:27 (281 turns).

George the Fighter (Minotaur Fighter)                Turns: 281, Time: 00:01:27

Health: -11/71     AC: 14    Str: 24    XL:     7   Next: 56%
Magic:  8/11       EV: 11    Int:  5    God:    Okawaru [**....]
Gold:   0          SH: 14    Dex: 14    Spells: 0 memorised, 6 levels left

rFire  . . .     SeeInvis .     q - +2 scimitar (holy)
rCold  . . .     Gourm    .     a - +1 chain mail
rNeg   . . .     Faith    .     c - +0 shield
rPois  .         Spirit   .     (helmet restricted)
rElec  .         Reflect  .     (no cloak)
rCorr  .         Harm     .     (no gloves)
MR     .....     NoTele   +     (no boots)
Stlth  ..........               (no amulet)
                                r - +3 ring of strength
                                l - +3 ring of dexterity

@: heroism
A: retaliatory headbutt, horns 2
a: Heroism, Renounce Religion


You were in the Dungeon.
You worshipped Okawaru.
Okawaru was pleased with you.
You were not hungry.

You visited 1 branch

Inventory:

Hand Weapons
 p - a +2 rapier of electrocution
 q - a +2 scimitar of holy wrath (weapon)
Armour
 a - a +1 chain mail (worn)
 c - a +0 shield (worn)
Jewellery
 l - a +3 ring of dexterity (left hand)
 r - a +3 ring of strength (right hand)
Wands
 o - a wand of lightning (4/15)
Scrolls
 k - 2 scrolls of blinking
 m - 3 scrolls of remove curse
 n - 2 scrolls of amnesia
Potions
 b - a potion of invisibility
 d - a potion of might
 e - 5 potions of curing
 g - 3 potions of heal wounds
 h - a potion of haste
 i - 4 potions of magic
Comestibles
 f - a bread ration
 j - 2 chunks of flesh


   Skills:
 + Level 9.9(14.9) Fighting
 + Level 9.4(14.4) Long Blades
 + Level 9.8(14.8) Armour
 + Level 9.9(14.9) Shields
 + Level 6.6 Invocations


You had 6 spell levels left.
You didn't know any spells.

Dungeon Overview and Level Annotations

Branches:
Dungeon (1/1)

Altars:
Cheibriados
Dithmenos
Elyvilon
Fedhas
Gozag
Hepliaklqana
Kikubaaqudgha
Makhleb
Nemelex Xobeh
Okawaru
Qazlal
Ru
Sif Muna
Trog
Uskayaw
Vehumet
Xom
Yredelemnul
Zin
The Shining One
Beogh
Jiyva
Lugonu


Innate Abilities, Weirdness & Mutations

You reflexively headbutt those who attack you in melee.
You have a pair of horns on your head.


Message History

You block the efreet's attack.
Evoke which item? (* to show all) (? for menu, Esc to quit)
Zapping:
o - a wand of lightning (6/15)
Press: ? - help, Shift-Dir - straight line, f/p - efreet
Aim: an efreet, wielding a scimitar of flaming (lightly wounded)
You hear a mighty clap of thunder!
The bolt of lightning hits the efreet.
The efreet is moderately wounded.
The bolt of lightning hits something. x2; This wand has 5 charges left.
Evoke which item? (* to show all) (? for menu, Esc to quit)
Zapping:
o - a wand of lightning (5/15)
Press: ? - help, Shift-Dir - straight line, f/p - efreet
Aim: an efreet, wielding a scimitar of flaming (moderately wounded)
You hear a mighty clap of thunder!
The bolt of lightning hits the efreet.
The efreet is moderately wounded.
This wand has 4 charges left.
The efreet gestures at you. The bolt of fire hits you!
You die...

▓+▓
▓.▓
▓.▓
▓{▓
▓R▓
▓@▓
▓.▓
▓[▓
▓.▓
▓.▓
▓.▓
▓.▓
▓.▓
▓.▓


You could see an efreet.

Vanquished Creatures
  A troll (D)
  A yak (D)
  A black bear (D)
  2 necrophages (D)
  A bullfrog (D)
  A crimson imp (D)
  An orc wizard (D)
  A worker ant (D)
  A shadow imp (D)
  An adder zombie (D)
  An adder skeleton (D)
  An orc (D)
  A bat (D)
  A bat zombie (D)
  3 hobgoblins (D)
  A quokka (D)
  A rat (D)
20 creatures vanquished.

Notes
Turn   | Place    | Note
-------+----------+-------------------------------------------
     0 | D        | George the Minotaur Fighter began the quest for the Orb.
     0 | D        | Reached XP level 1. HP: 19/19 MP: 0/0
    52 | D        | Noticed an orc wizard
    54 | D        | Reached XP level 2. HP: 27/27 MP: 1/1
    62 | D        | Reached skill level 5 in Fighting
    62 | D        | Reached skill level 5 in Armour
    62 | D        | Reached skill level 5 in Shields
    62 | D        | Reached XP level 3. HP: 19/36 MP: 2/2
    92 | D        | Found a roughly hewn altar of Beogh.
    92 | D        | Found a snail-covered altar of Cheibriados.
    92 | D        | Found a shadowy altar of Dithmenos.
    92 | D        | Found a white marble altar of Elyvilon.
    92 | D        | Found a blossoming altar of Fedhas.
    92 | D        | Found an opulent altar of Gozag.
    93 | D        | Found a hazy altar of Hepliaklqana.
    94 | D        | Found a viscous altar of Jiyva.
    95 | D        | Found an ancient bone altar of Kikubaaqudgha.
    96 | D        | Found a corrupted altar of Lugonu.
    97 | D        | Found a burning altar of Makhleb.
    98 | D        | Found a sparkling altar of Nemelex Xobeh.
    99 | D        | Found an iron altar of Okawaru.
   100 | D        | Found a stormy altar of Qazlal.
   101 | D        | Found a sacrificial altar of Ru.
   102 | D        | Found a deep blue altar of Sif Muna.
   103 | D        | Found a bloodstained altar of Trog.
   104 | D        | Found a hide-covered altar of Uskayaw.
   105 | D        | Found a radiant altar of Vehumet.
   106 | D        | Found a shimmering altar of Xom.
   107 | D        | Became a worshipper of Warmaster Okawaru
   108 | D        | Found a basalt altar of Yredelemnul.
   109 | D        | Found a glowing silver altar of Zin.
   110 | D        | Found a glowing golden altar of the Shining One.
   203 | D        | Noticed a yak
   203 | D        | Noticed a black bear
   203 | D        | Noticed a necrophage
   203 | D        | Noticed a necrophage
   205 | D        | Killed a necrophage
   205 | D        | Reached skill level 5 in Long Blades
   205 | D        | Reached XP level 4. HP: 45/45 MP: 2/4
   209 | D        | Killed a necrophage
   209 | D        | Reached * piety under Okawaru
   209 | D        | Reached XP level 5. HP: 52/52 MP: 2/6
   211 | D        | Killed a black bear
   211 | D        | Reached XP level 6. HP: 61/61 MP: 2/8
   213 | D        | Killed a yak
   213 | D        | Reached ** piety under Okawaru
   213 | D        | Reached skill level 5 in Invocations
   266 | D        | Noticed a vampire
   266 | D        | Noticed an efreet
   266 | D        | Noticed a troll
   270 | D        | Killed a troll
   270 | D        | Reached XP level 7. HP: 58/70 MP: 7/10
   281 | D        | Killed from afar by an efreet

Vault maps used:
D:        linesprint

Skill      XL: |  1  2  3  4  5  6 |
---------------+-------------------+-----
Fighting       | 4 5 6 7 8 9 |  9.9
Armour         | 4 5 6 7 8 9 |  9.8
Shields        | 4 5 6 7 8 9 |  9.9
Long Blades    | 3 4 5 6 7 9 |  9.4
Invocations    | 2 3 4 6 |  6.6

Action                   |  1- 3 |  4- 6 |  7- 9 || total
-------------------------+-------+-------+-------++-------
Melee: Long sword        |    26 |       |       ||    26
       Headbutt          |     6 |     2 |       ||     8
       Scimitar          |     1 |    15 |     5 ||    21
Invok: Heroism           |       |     1 |       ||     1
Evoke: Wand              |       |       |     3 ||     3
  Use: Potion            |     1 |       |       ||     1
Armor: Scale mail        |     7 |       |       ||     7
       Chain mail        |       |     2 |     1 ||     3
Dodge: Dodged            |     7 |     2 |     2 ||    11
Block: Shield            |    12 |     8 |     3 ||    23
       Rpst.: Long sword |     3 |       |       ||     3
       Scimitar          |       |       |     1 ||     1
